Cogmind - Beta 14 @@@ ROGUE MODE // 2024.09.26 @ 22:03:45 Player: Findu Result: Destroyed by G-47 Trooper with Particle Gun Performance ------------- Evolutions (0) 0 Regions Visited (2) 400 Robots Destroyed (23) 115 Value Destroyed (566) 566 Prototype IDs (0) 0 Alien Tech Used (0) 0 Bonus (0) 0 TOTAL SCORE: 1081 Bonus ------- None Cogmind --------- Core Integrity 0/250 Matter 265/300 Energy 83/125 System Corruption 0% Temperature Cool (18) Movement Treading (160) Location -10/Mines Parts ------- > --- POWER (1) -------- Light Ion Engine > --- PROPULSION (2) --- Light Treads > --- UTILITY (2) ------ (None) > --- WEAPON (2) ------- Small Laser > --- INVENTORY (5) ---- Wheel Compact Wheel Peak State ------------ > --- POWER ------------ Ion Engine > --- PROPULSION ------- Light Treads Compact Wheel > --- UTILITY ---------- Heat Sink High-capacity Storage Unit > --- WEAPON ----------- Beam Cannon Light Assault Rifle > --- INVENTORY -------- Light Ion Engine Light Treads Wheel EM Pulse Gun [Rating: 7] Favorites ----------- Power Ion Engine Engine Ion Engine Propulsion Light Treads Treads Light Treads Wheel Wheel Utility High-capacity Storage Unit Device Heat Sink Storage High-capacity Storage Unit Weapon Light Assault Rifle Energy Gun Small Laser Energy Cannon Beam Cannon Ballistic Gun Light Assault Rifle Build | -11 -10 -10 ------- Run | Yrd Mat Min Slots Evolved . | . . . Power . | . . . Propulsion . | . . . Utility . | . . . Weapon . | . . . Parts Attached 16 | 5 4 7 Power 3 | 1 1 1 Engine 3 | 1 1 1 Core . | . . . Reactor . | . . . Propulsion 6 | 2 1 3 Treads 3 | 1 1 1 Leg . | . . . Wheel 3 | 1 . 2 Hover . | . . . Flight . | . . . Utility 2 | . 1 1 Device 1 | . . 1 Storage 1 | . 1 . Processor . | . . . Hackware . | . . . Protection . | . . . Artifact . | . . . Weapon 5 | 2 1 2 Energy Gun 3 | 1 1 1 Energy Cannon 1 | . . 1 Ballistic Gun 1 | 1 . . Ballistic Cannon . | . . . Launcher . | . . . Special Weapon . | . . . Impact Weapon . | . . . Slashing Weapon . | . . . Piercing Weapon . | . . . Special Melee Weapon . | . . . Unidentified Prototypes . | . . . Parts Lost 3 | . 2 1 Power 1 | . . 1 Propulsion 1 | . 1 . Utility . | . . . Weapon 1 | . 1 . Highest Loss Streak 2 | . 2 1 To Critical Strikes . | . . . Average Slot Usage (%) 76 | . 84 67 Engine 12 | . 14 10 Treads 12 | . 14 10 Wheel 12 | . 14 10 Device 1 | . . 2 Storage 12 | . 13 10 Energy Gun 7 | . 14 . Energy Cannon 4 | . . 9 Ballistic Gun 12 | . 14 10 Peak Build Rating 7 | 5 6 7 Average Rating 5 | 4 5 4 On Entrance 3 | . 5 6 Naked Turns 118 | . . 118 Heaviest Build 50 | 7 48 50 Greatest Support 16 | 10 10 16 Greatest Overweight (x) 4 | . 4 4 Average Overweight (x) 2 | . 3 . Largest Inventory Capacity 20 | 5 20 20 Average Capacity 17 | 5 19 16 Most Carried 5 | 4 5 5 Average Carried 4 | 2 4 4 Final Capacity 20 | 5 20 5 Final Carried 4 | 4 4 2 Class Distribution -------------------- 100% | Mutant Dominant Class ---------------- Mutant | -10/Materials Mutant | -10/Mines Resources | -11 -10 -10 ----------- Run | Yrd Mat Min Matter Collected 376 | 202 123 51 Remotely . | . . . Salvage Created 641 | . 451 190 Parts 54 | . 41 13 Haulers Intercepted . | . . . Recyclers Shooed 1 | . 1 . Parts Field Recycled . | . . . Retrieved Matter . | . . . Parts Self-Destructed . | . . . Prevented . | . . . Kills | -11 -10 -10 ------- Run | Yrd Mat Min Combat Hostiles Destroyed 23 | . 17 6 Guns 17 | . 17 . Cannons 5 | . . 5 Classes Destroyed 2 | . 2 . Swarmer 9 | . 9 . Grunt 14 | . 8 6 Best Kill Streak 7 | . 7 3 Combat Bots Only 8 | . 7 8 Max Kills in Single Turn 1 | . 1 1 Gunslinging . | . . . Exploded . | . . . Melee . | . . . Uniques/NPCs Destroyed . | . . . Combat | -11 -10 -10 -------- Run | Yrd Mat Min Hostile Shots Fired 154 | . 83 71 Missed 53 | . 26 27 Damage Taken 1066 | . 547 519 Core 252 | . 116 136 Absorbed by Shields . | . . . Core Remaining (%) 100 | 100 . . Volleys Fired 88 | . 45 43 Largest 2 | . 2 2 Hottest 80 | . 60 80 Shots Fired 154 | . 90 64 Gun 118 | . 90 28 Cannon 36 | . . 36 Launcher . | . . . Special . | . . . Kinetic 66 | . 45 21 Thermal 75 | . 37 38 Explosive . | . . . Electromagnetic 13 | . 8 5 Robot Hit Streak 7 | . 7 7 Robot Miss Streak 5 | . 5 2 Penetration Max . | . . . Secondary Targets 2 | . 2 . Max Gunslinging Chain 1 | . 1 . Shots Hit Robots 72 | . 55 17 Core Hits 38 | . 29 9 Critical Kills . | . . . Critical Parts Destroyed . | . . . Critical Strikes . | . . . Melee Attacks . | . . . Impact . | . . . Slashing . | . . . Piercing . | . . . Sneak Attacks . | . . . Combat Hostiles . | . . . Follow-up Attacks . | . . . Damage Inflicted 803 | . 545 258 Guns 628 | . 545 83 Cannons 175 | . . 175 Explosions . | . . . Melee . | . . . Ramming . | . . . Kinetic 268 | . 221 47 Thermal 448 | . 252 196 Explosive . | . . . Electromagnetic 87 | . 72 15 Impact . | . . . Slashing . | . . . Piercing . | . . . Highest Corruption . | . . . Average Corruption . | . . . Corruption Purged . | . . . Corruption Blocked . | . . . Overload Shots . | . . . Overflow Damage . | . . . Projectiles . | . . . Explosions . | . . . Melee . | . . . Knockbacks . | . . . Impact . | . . . Kinetic . | . . . Secondary . | . . . Self-Inflicted Damage . | . . . Shots . | . . . Rammed . | . . . Targets Rammed . | . . . Kicked . | . . . Crushed . | . . . Highest Temperature 200 | . 194 200 Average Temperature 60 | . 64 55 Received Heat Transfer 489 | . 186 303 Siege Activations . | . . . Robots Corrupted . | . . . Combat Hostiles . | . . . Parts Fried . | . . . Impact Corruptions . | . . . Robots Melted . | . . . Combat Hostiles . | . . . Parts Melted 1 | . 1 . Heat Transferred 995 | . 575 420 Parts Sabotaged . | . . . Parts Stolen . | . . . Parts Stripped . | . . . Power Chain Reactions . | . . . Alert | -11 -10 -10 ------- Run | Yrd Mat Min Peak Influence 276 | . 276 255 Initial 105 | . . 105 Average 125 | . 108 155 Maximum Alert Level 1 | . 1 1 Low Security (%) 80 | 100 75 85 Level 1 19 | . 24 14 Level 2 . | . . . Level 3 . | . . . Level 4 . | . . . Level 5 . | . . . High Security . | . . . Max Security . | . . . Squads Dispatched 5 | . 5 . Investigation 2 | . 2 . Extermination . | . . . Reinforcement 3 | . 3 . Assault . | . . . Garrison . | . . . Intercept . | . . . Searches Triggered . | . . . Construction Impeded . | . . . Haulers Reinforced . | . . . Active Scanning Responses . | . . . Cargo Convoy Interrupts . | . . . Stealth | -11 -10 -10 --------- Run | Yrd Mat Min Distress Signals . | . . . Communications Jammed . | . . . Distress Signals . | . . . Times Spotted 42 | . 27 15 Peak Tracking Total 9 | . 9 5 Tactical Retreats 4 | . 1 3 Traps | -11 -10 -10 ------- Run | Yrd Mat Min Traps Triggered 2 | . 2 . Indirectly . | . . . Trap Hack Attempts . | . . . Triggered . | . . . Disarmed . | . . . Reprogrammed . | . . . Reused . | . . . Traps Extracted . | . . . Installed . | . . . Triggered . | . . . Machines | -11 -10 -10 ---------- Run | Yrd Mat Min Machines Disabled . | . . . Max in Single Turn . | . . . Machines Repaired . | . . . Machines Dismantled . | . . . Machines Sabotaged . | . . . Overloaded Fab Kills . | . . . Hacking | -11 -10 -10 --------- Run | Yrd Mat Min Machines Accessed 2 | . 2 . Terminals 2 | . 2 . Fabricators . | . . . Repair Stations . | . . . Recycling Units . | . . . Scanalyzers . | . . . Garrison Access . | . . . Total Hacks 3 | . 3 . Successful 1 | . 1 . Failed 2 | . 2 . Catastrophic . | . . . Database Lockouts . | . . . Manual . | . . . Terminals 3 | . 3 . Fabricators . | . . . Repair Stations . | . . . Recycling Units . | . . . Scanalyzers . | . . . Garrison Access . | . . . Terminal Hacks 1 | . 1 . Recycling Unit Index 1 | . 1 . Fabricator Hacks . | . . . Repair Station Hacks . | . . . Recycling Unit Hacks . | . . . Scanalyzer . | . . . Garrison Access Hacks . | . . . Unauthorized Hacks . | . . . Terminals . | . . . Fabricators . | . . . Repair Stations . | . . . Recycling Units . | . . . Scanalyzers . | . . . Garrison Access . | . . . Data Cores Recovered . | . . . Used . | . . . Hacking Detections 2 | . 2 . Full Trace Events . | . . . Feedback Events . | . . . Feedback Blocked . | . . . Robot Schematics Acquired . | . . . Robots Built . | . . . Authchips . | . . . Time . | . . . Total Robot Build Rating . | . . . Part Schematics Acquired . | . . . Parts Built . | . . . Authchips . | . . . Time . | . . . Total Part Build Rating . | . . . Parts Repaired . | . . . Time . | . . . Parts Recycled . | . . . Recycled Matter . | . . . Retrieved Matter . | . . . Retrieved Components . | . . . Parts Scanalyzed . | . . . Part Schematics Acquired . | . . . Parts Damaged . | . . . Bothacking | -11 -10 -10 ------------ Run | Yrd Mat Min Used RIF Installer . | . . . Robots Hacked . | . . . Non-combat . | . . . Combat . | . . . Robot Hacks Applied . | . . . Relay Couplers Released . | . . . Fabnet Peak Effective % . | . . . Robots Rewired . | . . . Allies Hacked . | . . . Hacks Repelled . | . . . Allies | -11 -10 -10 -------- Run | Yrd Mat Min Total Allies . | . . . Largest Group . | . . . Highest-Rated Group . | . . . Highest-Rated Ally . | . . . Total Orders . | . . . Ally Attacks . | . . . Total Damage . | . . . Kills . | . . . Allies Corrupted . | . . . Allies Melted . | . . . Intel | -11 -10 -10 ------- Run | Yrd Mat Min Robot Analysis Total . | . . . Derelict Logs Recovered . | . . . Drone Launches . | . . . Drone Recoveries . | . . . Exploration | -11 -10 -10 ------------- Run | Yrd Mat Min Turns Passed 1132 | 43 584 505 Spaces Moved 644 | 41 311 292 Core 224 | 3 . 221 Treads . | . . . Legs . | . . . Wheels 420 | 38 311 71 Hover . | . . . Flight . | . . . Fastest Speed 50 | 50 80 50 Average Speed 103 | 77 135 72 Slowest Speed 145 | 80 140 145 Overloaded Moves . | . . . Propulsion Burnouts . | . . . Robots Hopped . | . . . Cave-ins Triggered . | . . . Exploration Rate (%) 41 | 3 51 69 Regions Visited 2 Branch Regions 1 Pre-discovered Areas . | . . . Known Exits Taken . | . . . Unknown Exits Taken 2 | 1 1 . Scrap Searched . | . . . Spaces Dug . | . . . Terrain Destroyed . | . . . Melee . | . . . Projectile . | . . . AOE . | . . . Terrain Rammed . | . . . Walls Destroyed . | . . . Machines Disabled . | . . . Actions | -11 -10 -10 --------- Run | Yrd Mat Min Total 964 | 49 392 523 Wait 209 | . 30 179 Move 642 | 40 310 292 Hop . | . . . Pick Up 7 | 4 2 1 Fast Attach 7 | 5 1 1 Attach 5 | . 2 3 Detach . | . . . Swap 4 | . 1 3 Drop 2 | . 1 1 Fire 88 | . 45 43 Melee . | . . . Ram . | . . . Kick . | . . . Crush . | . . . Escape Stasis . | . . . Rewire . | . . . Trap . | . . . Miscellaneous . | . . . Route ------- -11/Scrapyard -10/Materials (discovered 2 exits: [*Mat] / [*Min]) -10/Mines (discovered 1 exit: [*Mat]) History --------- Turn | Location | Event 10 | -11/Scrapyard | Discovered new exit (range 16) 44 | -11/Scrapyard | Entered Materials 188 | -10/Materials | Discovered new exit (range 15) 313 | -10/Materials | Build established: Mutant 511 | -10/Materials | Discovered new exit (range 16) 628 | -10/Materials | Entered Mines 633 | -10/Mines | Core integrity fell below 50% 635 | -10/Mines | Excavation squad dispatched 635 | -10/Mines | A large section of the Mines collapsed 656 | -10/Mines | Destroyed 8 combat bots 885 | -10/Mines | Excavation squad dispatched 1008 | -10/Mines | Core integrity fell below 20% 1008 | -10/Mines | Released all parts (6) 1041 | -10/Mines | Discovered new exit (range 10) 1133 | -10/Mines | Destroyed by G-47 Trooper with Particle Gun Last Messages --------------- 00909_ Acquired Sml. Laser. 00910_ U-05 Engineer lays Concrete. 00911_ Dropped EM Pulse Gun. 00912_ U-05 Engineer lays Concrete. 00914_ T-07 Excavator is excavating. 00915_ U-05 Engineer lays Concrete. 00918_ U-05 Engineer destroyed. 00918_ T-07 Excavator is excavating. 00956_ G-34 Mercenary destroyed. 00976_ Acquired 18 matter. 00992_ U-05 Engineer destroyed. 01003_ Ion Engine destroyed. 01008_ Released Wheel. 01008_ Released Beam Cannon. 01008_ Released Hcp. Storage Unit. 01008_ Released Lgt. Assault Rifle. 01008_ Released Lgt. Treads. 01008_ Released Heat Sink. 01010_ T-07 Excavator is excavating. 01041_ EXIT=FOUND Map ----- +----------------------------------------------------+ | | | | | | | | | | | | | | | | | | | | | | | | | | | | | | | | | ?????????????????????????????????????????????????? | | ?????????????????????????????????????????????????? | | ??????????????####???????????????????????????????? | | ?????????????## ##??????????????????????????????? | | ?????????????#! !#??????????????????????????????? | | ??????????####= ! #######????????????????????????? | | ??????????# #????????????????????????? | | ???####???# ## [ ##### #????????????????????????? | | ??## ##??# ### |##???# #########????????????????? | | ??# #### #?####??### g@ #????????????????? | | ### #???????# #?#####??????????? | | #???????# #### ### #??????????? | | ###########??## #??# ! #??????????? | | # ###??# #???### ##??#### ##?????????? | | ## ####### """" #?????####??????# [##????????? | | ?# ### """" #???????????????# [#????????? | | ## #?# #### """" #???????????????## !#????????? | | #?# #??# #????????????????# ##????????? | | ## #?# #??### ####????????????????# #####??????? | | ## ### ###### #???????????????????# | #??????? | | ## #???????????????????####### #??????? | | ######### ## #?????????????????????????# #??????? | | ????????# ## #??????? ??????????????# #??????? | | ????????# ## ## #???????????????### #??????? | | ????????# < #??????????????## ##?????? | | ????????# ##### #??????????????# ##????? | | ????????# ##????##???#??????????????# #????? | | ???????## ##???????????????????????## #????? | | ??????## #????????????????????????### ##????? | | ????### #??????????????????????????####?????? | | ???## #???????????????????????????????????? | | ???# ##???????????????????????????????????? | | ???## ##????????????????????????????????????? | | ????## ##?????????????????????????####????????? | +----------------------------------------------------+ Best States ------------- Heat Dissipation 35 Energy Generation 10 Energy Capacity 250 Matter Stores 300 Matter Capacity 300 Sight Range 16 Terrain Scan Density 10 Evasion (%) 50 Recoil Reduction 1 Item Schematics ----------------- None Robot Schematics ------------------ None Fabricated ------------ Nothing Alien Tech Used ----------------- None Achievements -------------- None Challenges ------------ None Game ------ Seed LightningGodRedirector Manual? 0 Play Time 00:18:06 Cumulative 45.7 hours Start 2024.09.26 @ 21:47:21 End 2024.09.26 @ 22:03:45 Sessions 1 Manual Loads 0 Difficulty Rogue Special Mode None Game No. 31 Rogue 24 Adventurer 7 Explorer 0 Win Type - Total 0 Types 0/0/0/0/0/0/0/0/0 Lore% 24 Gallery% 39 Achievement% 33 Wizard Run 0 Options --------- Layout 0 ASCII 0 Keyboard 1 Movement Vi Keybinds 0 Fullscreen 2 Font 24/Terminus Map View 76x50 Zoom Use 5% Tactical HUD 1 Map Filters NONE Filters NONE Steam 1 RUN: 81e11736-090d-4305-a930-bbd85a85b4ef